 Dungeon Crawl Stone Soup version 0.15-a0-413-gc6111ba (console) character file.

89546 TwoHeadedOgre the Shatterer (level 15, -5/255 HPs)
             Began as an Ogre Berserker on May 4, 2014.
             Was a High Priest of Trog.
             Slain by a deep troll (11 damage)
             ... on Level 1 of the Depths on May 5, 2014.
             The game lasted 01:52:29 (13377 turns).

TwoHeadedOgre the Shatterer (Ogre Berserker)       Turns: 13377, Time: 01:52:29

HP  -5/255       AC 12     Str 33      XL: 15   Next: 96%
MP  15/15        EV 19     Int  6      God: Trog [*****.]
Gold 298         SH  0     Dex 14      Spells:  0 memorised, 14 levels left

rFire  + . .     SeeInvis .     T - +8,+5 giant spiked club of the Stork {crush, rC+}
rCold  + . .     Clarity  .     M - +2 robe {MR+}
rNeg   . . .     Conserve +     (shield restricted)
rPois  .         rCorr    .     (helmet restricted)
rElec  .         rRot     .     r - +2 cloak
SustAb . .       Spirit   .     (gloves unavailable)
rMut   .         Warding  .     (boots unavailable)
Saprov + . .     Stasis   .     q - amulet of conservation
MR     ++...                    n - ring of protection from fire
                                b - cursed +4 ring of protection

@: berserking, very quick, very resistant to hostile enchantments, extremely
unstealthy
A: unfitting armour, fast metabolism 1, saprovore 1, strong 1, tough skin 1
a: Burn Spellbooks, Berserk, Trog's Hand, Brothers in Arms, Renounce Religion


You were on level 1 of the Depths.
You worshipped Trog.
Trog was extremely pleased with you.
You were not hungry.

You visited 5 branches of the dungeon, and saw 29 of its levels.
You also visited: Ice Cave and Volcano.

You collected 2267 gold pieces.
You spent 1969 gold pieces at shops.

Inventory:

Hand weapons
 k - a +4,+4 giant spiked club
 x - a +2 blowgun
 T - the +8,+5 giant spiked club of the Stork (weapon) {crush, rC+}
   (Trog gifted it to you on level 12 of the Dungeon)

   It inflicts extra damage upon your enemies.
   It protects you from cold.
Missiles
 H - 6 curare-tipped needles
 R - 2 throwing nets (quivered)
Armour
 g - a fire dragon hide
 r - a +2 cloak (worn)
 M - a +2 robe of magic resistance (worn)
Magical devices
 s - a wand of polymorph (11)
 t - a wand of cold (2)
 u - a wand of teleportation (7)
 B - a wand of disintegration (9)
 Q - a wand of cold (7)
 W - a wand of paralysis (8)
 Z - a wand of digging (14)
Comestibles
 l - 7 chunks of ice dragon flesh
 o - 8 chunks of fire dragon flesh
 F - 4 strawberries
 P - 9 oranges
Scrolls
 e - 7 scrolls of fog
 h - 3 scrolls of blinking
 m - 4 scrolls of fear
 p - 6 scrolls of teleportation
 v - a scroll of silence
 G - 3 scrolls of vulnerability
 I - a scroll of holy word
 J - 2 scrolls of recharging
 S - 2 scrolls of magic mapping
 U - 13 scrolls of remove curse
Jewellery
 b - a cursed +4 ring of protection (left hand)
 n - a ring of protection from fire (right hand)
 q - an amulet of conservation (around neck)
 y - an uncursed ring of wizardry
 z - the ring "Sogycagu" {rPois MP+9 SInv Stlth--}
   (You found it in an ice cave)

   [ring of magical power]

   It protects you from poison.
   It affects your magic capacity (+9).
   It enhances your eyesight.
   It makes you much less stealthy.
 E - an uncursed amulet of resist mutation
 L - a +3 ring of protection
Potions
 a - 9 potions of curing
 d - 3 potions of resistance
 i - 2 potions of haste
 j - a potion of agility
 w - 2 potions of might
 K - a potion of invisibility
 N - 8 potions of heal wounds
Miscellaneous
 c - a phial of floods
 f - a lamp of fire


   Skills:
 + Level 16.2 Fighting
 - Level 22.0 Maces & Flails
 * Level 15.3 Dodging


You had 14 spell levels left.
You didn't know any spells.

Dungeon Overview and Level Annotations

Branches:
Dungeon (15/15)            Temple (1/1) D:4             Orc (4/4) D:12
   Lair (8/8) D:8           Slime (0/6) Lair:7       Vaults (0/5) D:13
 Depths (1/5) D:15
    Elf: Orc:3-4      Swamp: Lair:3-6    Shoals: Lair:3-6     Snake: Lair:3-6
 Spider: Lair:3-6

Altars:
Ashenzari
Cheibriados
Dithmenos
Elyvilon
Fedhas
Kikubaaqudgha
Makhleb
Nemelex Xobeh
Okawaru
Sif Muna
Trog
Vehumet
Xom
Yredelemnul
Zin
The Shining One
Beogh

Shops:
D:4 %   D:11 %   D:13 [}[%   Orc:4 =[*[[   Depths:1 =

Portals:
Trove: D:12 (give +3 storm dragon armour)


Innate Abilities, Weirdness & Mutations

You are too large for most types of armour.
You have a fast metabolism.
You can tolerate rotten meat.
You have tough skin (AC +1).
Your muscles are strong. (Str +2)


Message History

The deep troll claws you but does no damage.
The deep troll claws you!
* * * LOW HITPOINT WARNING * * *
You bludgeon the deep troll earth mage!!
The deep troll earth mage is almost dead.
The deep troll earth mage bites you.
* * * LOW HITPOINT WARNING * * *
The deep troll earth mage misses you. The deep troll earth mage claws you.
* * * LOW HITPOINT WARNING * * *
The deep troll bites you!
* * * LOW HITPOINT WARNING * * *
The deep troll barely misses you. The deep troll completely misses you.
You impale the deep troll earth mage!!
You kill the deep troll earth mage!
Trog accepts your kill.
Trog appreciates your killing of a magic user.
The deep troll barely misses you. The deep troll claws you!
* * * LOW HITPOINT WARNING * * *
The deep troll claws you!
You die...

.##..# ...
...###..###..###.#
.##...# .. .##..#
#..# ##....#
....##. ...#..##
#..# #..####
.....#.. ........#
#..###.## ...###
#.......###......#
.#.#
#......##...>...#
..##
#.....#..#####....#
.... #....T..##
##...# ...#♣
#..@..## ...# ...#
#.....%TT.# ###.#
... #####....%..# #
#..#.#......
#..##....... #..
......# #.. ......
#.. ###.. . .


You could see 3 deep trolls.

Vanquished Creatures
  Maud (Lair:6)
  A frost giant (IceCv)
  The ghost of sohrabkorkchi the Severer, a powerful LOFi of Trog (Depths:1)
  2 stone giants (Depths:1)
  5 hydras
  2 ice dragons (Depths:1)
  Fannar (Lair:6)
  2 fire dragons
  A deep troll earth mage (Depths:1)
  A tengu warrior (D:15)
  19 death yaks
  An ogre mage (D:15)
  2 centaur warriors
  A deep elf knight (Depths:1)
  2 deep trolls (Depths:1)
  2 wizards (D:15)
  An ice devil (D:12)
  2 ice statues
  5 hill giants
  Pikel (D:4)
  A necromancer (D:15)
  A deep elf conjurer (D:15)
  2 orc knights (Orc:4)
  3 cyclopes
  A griffon (D:15)
  A manticore (D:13)
  An oklob plant (Orc:4)
  A faun (shapeshifter) (D:13)
  An orc sorcerer (D:12)
  5 elephants (Lair:6)
  A black mamba (Lair:7)
  7 spiny frogs
  3 gargoyles
  A dire elephant skeleton (Depths:1)
  A naga mage (D:15)
  A yaktaur (D:15)
  A komodo dragon (shapeshifter) (D:13)
  4 fire drakes
  3 komodo dragons
  A tengu conjurer (D:15)
  A troll (shapeshifter) (D:15)
  6 trolls
  A centaur skeleton (D:15)
  23 polar bears
  An iron troll skeleton (Depths:1)
  6 blink frogs
  A raven (D:15)
  A hydra skeleton (D:13)
  6 two-headed ogres
  2 basilisks
  A brown ooze (Lair:7)
  A shadow (D:14)
  A wandering mushroom (Lair:7)
  A griffon skeleton (D:15)
  2 wyverns
  A deep troll skeleton (Depths:1)
  48 yaks
  2 wraiths
  A hippogriff (shapeshifter) (D:13)
  A hill giant zombie (D:14)
  8 sharks
  An elephant slug (Lair:8)
  7 hungry ghosts
  21 wolves
  4 hippogriffs
  A deep elf mage (D:12)
  A yaktaur simulacrum (Depths:1)
  A centaur simulacrum (D:15)
  A steam dragon (Lair:8)
  7 ugly things
  2 mottled dragons (Lair:8)
  A warg (Orc:1)
  9 porcupines
  7 water moccasins
  A soldier ant (D:8)
  3 slaves (D:4)
  21 ice beasts
  2 phantoms (D:11)
  A manticore zombie (D:15)
  25 orc warriors
  A black bear (D:12)
  9 ogres
  A fire dragon simulacrum (Depths:1)
  A sky beast (D:14)
  24 centaurs
  7 crocodiles
  7 giant slugs
  2 big kobolds
  9 giant frogs
  4 earth elementals (D:10)
  8 scorpions
  4 troll zombies (D:12)
  8 killer bees
  A troll skeleton (D:10)
  5 goliath beetles
  A manticore simulacrum (D:15)
  3 crimson imps
  5 electric eels
  A quasit (D:8)
  A giant frog zombie (D:10)
  A gnoll shaman (D:4)
  Crazy Yiuf (D:6)
  8 hounds
  21 orc wizards
  6 big fish
  8 iguanas
  A two-headed ogre skeleton (D:14)
  14 orc priests
  6 worker ants
  A crocodile zombie (D:7)
  3 ogre zombies (D:12)
  A shapeshifter simulacrum (D:14)
  13 sheep
  2 hound skeletons
  2 mummies
  A scorpion zombie (D:5)
  8 gnolls
  53 green rats
  5 giant mites
  2 shadow imps (D:12)
  12 white imps (Lair:5)
  20 adders
  7 worms
  4 giant eyeballs
  3 giant geckos
  4 oozes (Lair:7)
  120 orcs
  15 goblins
  11 hobgoblins
  6 quokkas
  2 ball pythons
  17 bats
  A giant gecko skeleton (D:6)
  4 giant newts
  3 goblin zombies (D:12)
  2 hobgoblin skeletons (D:12)
  3 hobgoblin zombies (D:12)
  17 jackals
  22 kobolds
  A kobold zombie (D:7)
  4 orc skeletons
  15 orc zombies
  10 rats
  A butterfly (Lair:6)
  2 fungi
889 creatures vanquished.

Vanquished Creatures (collateral kills)
  A death yak (Lair:5)
  A moth of wrath (shapeshifter) (D:8)
  Psyche (Orc:1)
  A troll (D:8)
  A deep elf mage (D:8)
  2 wolves (D:8)
  An ice beast (D:8)
  An orc warrior (Orc:1)
  A crocodile (Lair:8)
  A giant frog (D:8)
  A gnoll sergeant (D:8)
  2 electric eels (D:8)
  2 hounds (D:8)
  An orc priest (Orc:1)
  2 big fish (D:8)
  An orc wizard (Orc:1)
  A gnoll (D:8)
  13 orcs (Orc:1)
  A goblin (Orc:1)
  A kobold skeleton (D:8)
36 creatures vanquished.

Vanquished Creatures (others)
  A necromancer (Depths:1)
  A troll (Lair:5)
  A two-headed ogre (D:8)
  A big fish (D:8)
  A giant gecko (D:7)
  2 orcs (D:7)
  A jackal (D:8)
  A goblin (D:4)
  A bush (Lair:7)
  11 fungi
  7 plants
28 creatures vanquished.

Grand Total: 953 creatures vanquished

Notes
Turn   | Place    | Note
--------------------------------------------------------------
     0 | D:1      | TwoHeadedOgre, the Ogre Berserker, began the quest for the Orb.
     0 | D:1      | Reached XP level 1. HP: 24/24 MP: 1/1
   102 | D:1      | Reached XP level 2. HP: 17/32 MP: 2/2
   269 | D:2      | Reached skill level 5 in Maces & Flails
   274 | D:2      | Reached XP level 3. HP: 31/39 MP: 3/3
   301 | D:2      | Acquired Trog's second power
   357 | D:2      | Reached skill level 6 in Maces & Flails
   495 | D:2      | Reached XP level 4. HP: 9/48 MP: 4/4
  1049 | D:3      | Reached skill level 7 in Maces & Flails
  1049 | D:3      | Reached XP level 5. HP: 34/54 MP: 5/5
  1263 | D:4      | Found Trabran's Food Shop.
  1269 | D:4      | Reached skill level 8 in Maces & Flails
  1299 | D:4      | Found a staircase to the Ecumenical Temple.
  1337 | Temple   | Entered the Ecumenical Temple
  1398 | D:4      | Reached XP level 6. HP: 51/62 MP: 6/6
  1405 | D:4      | Noticed an orc warrior
  1417 | D:4      | Reached skill level 9 in Maces & Flails
  1422 | D:4      | Killed an orc warrior
  1436 | D:4      | Reached skill level 10 in Maces & Flails
  1436 | D:4      | Reached XP level 7. HP: 24/70 MP: 7/7
  1877 | D:4      | Noticed a slave
  1878 | D:4      | Noticed a slave
  1879 | D:4      | Noticed Pikel
  1904 | D:4      | Killed a slave
  1921 | D:4      | Killed a slave
  1925 | D:4      | Noticed a slave
  1938 | D:4      | HP: 2/70 [slave[Pikel] (10)]
  1945 | D:4      | Killed a slave
  1954 | D:4      | Noticed a slave
  1967 | D:4      | Killed Pikel
  1967 | D:4      | Reached skill level 11 in Maces & Flails
  1967 | D:4      | Reached skill level 5 in Dodging
  1967 | D:4      | Reached XP level 8. HP: 24/78 MP: 2/8
  2109 | D:5      | Entered Level 5 of the Dungeon
  2529 | D:5      | Reached skill level 17 in Maces & Flails
  2529 | D:5      | Reached XP level 9. HP: 76/84 MP: 3/9
  2592 | D:5      | Paralysed by a giant eyeball for 2 turns
  2819 | D:6      | Noticed Crazy Yiuf
  2871 | D:6      | Killed Crazy Yiuf
  2978 | D:7      | Acquired Trog's third power
  3291 | D:7      | Found a sparkling altar of Nemelex Xobeh.
  3294 | D:7      | Found an iron altar of Okawaru.
  3295 | D:7      | Found a shimmering altar of Xom.
  3469 | D:8      | Reached skill level 5 in Fighting
  3469 | D:8      | Reached XP level 10. HP: 74/96 MP: 10/10
  3626 | D:8      | Noticed a draconian
  3630 | D:8      | Noticed an eight-headed hydra
  3634 | D:8      | Noticed a moth of wrath
  3634 | D:8      | a draconian changed into a moth of wrath
  3635 | D:8      | Killed a moth of wrath
  3640 | D:8      | Killed an eight-headed hydra
  3699 | D:8      | Gained mutation: Your muscles are strong. (Str +2) [mutagenic meat]
  3777 | D:8      | HP: 7/160 [gnoll sergeant/spear of freezing (8)]
  3889 | D:8      | Found a staircase to the Lair.
  3937 | Lair:1   | Entered Level 1 of the Lair of Beasts
  4253 | Lair:1   | Reached skill level 18 in Maces & Flails
  4316 | Lair:2   | Reached skill level 10 in Fighting
  4358 | Lair:2   | Reached XP level 11. HP: 84/117 MP: 11/11
  4708 | Lair:3   | Found a burning altar of Makhleb.
  5067 | Lair:4   | Noticed a seven-headed hydra
  5081 | Lair:4   | Killed a seven-headed hydra
  5140 | Lair:4   | Found a dark tunnel.
  5167 | Volcano  | Entered a volcano
  5404 | Lair:5   | Noticed a death yak
  5407 | Lair:5   | Noticed a death yak
  5407 | Lair:5   | Noticed a death yak
  5407 | Lair:5   | Noticed a death yak
  5408 | Lair:5   | Noticed a death yak
  5411 | Lair:5   | Noticed a death yak
  5411 | Lair:5   | Received a gift from Trog
  5413 | Lair:5   | Killed a death yak
  5413 | Lair:5   | Reached XP level 12. HP: 133/133 MP: 12/12
  5415 | Lair:5   | Killed a death yak
  5419 | Lair:5   | Killed a death yak
  5423 | Lair:5   | Killed a death yak
  5423 | Lair:5   | Reached skill level 19 in Maces & Flails
  5428 | Lair:5   | Killed a death yak
  5431 | Lair:5   | Killed a death yak
  5539 | Lair:5   | Found a frozen archway.
  5551 | IceCv    | Entered an ice cave
  5716 | IceCv    | Reached skill level 10 in Dodging
  6072 | IceCv    | Noticed a death yak
  6084 | IceCv    | Reached XP level 13. HP: 54/141 MP: 13/13
  6090 | IceCv    | Killed a death yak
  6187 | IceCv    | Noticed a death yak
  6187 | IceCv    | Noticed a frost giant
  6201 | IceCv    | Killed a death yak
  6214 | IceCv    | Killed a frost giant
  6214 | IceCv    | Reached skill level 20 in Maces & Flails
  6276 | IceCv    | Identified Blicuh's Compendium of the Frostbite
  6286 | IceCv    | Got a faintly glowing bone ring
  6482 | Lair:6   | Noticed Fannar
  6488 | Lair:6   | Killed Fannar
  6574 | Lair:6   | Received a gift from Trog
  6963 | Lair:7   | HP: 9/211 [yak (17)]
  7114 | Lair:7   | Received a gift from Trog
  7296 | Lair:7   | HP: 6/141 [death yak (12)]
  7356 | Lair:7   | Found a staircase to the Slime Pits.
  7390 | Lair:8   | Entered Level 8 of the Lair of Beasts
  7468 | Lair:7   | Reached XP level 14. HP: 150/150 MP: 14/14
  7517 | Lair:7   | You fall through a shaft!
  7624 | Lair:8   | Identified the ring "Sogycagu" {rPois MP+9 SInv Stlth--} (You found it in an ice cave)
  7803 | Lair:8   | Reached skill level 21 in Maces & Flails
  8048 | Lair:6   | Noticed Maud
  8063 | Lair:6   | Killed Maud
  8210 | Lair:4   | Noticed a five-headed hydra
  8217 | Lair:4   | Killed a five-headed hydra
  8411 | D:8      | Received a gift from Trog
  8521 | D:10     | Entered Level 10 of the Dungeon
  8858 | D:11     | Found Gadwu's Food Shop.
  9564 | D:12     | Found a portal to a secret trove of treasure.
  9607 | D:12     | Found a staircase to the Orcish Mines.
  9736 | Orc:1    | Entered Level 1 of the Orcish Mines
  9736 | Orc:1    | Noticed Psyche
  9743 | Orc:1    | Killed Psyche
  9805 | Orc:1    | Received a gift from Trog
  9930 | Orc:1    | Found a roughly hewn altar of Beogh.
 10088 | Orc:4    | Entered Level 4 of the Orcish Mines
 10107 | Orc:4    | Found Bletyff's Jewellery Shop.
 10137 | Orc:4    | Bought a cursed amulet of inaccuracy for 36 gold pieces
 10137 | Orc:4    | Bought an uncursed ring of protection from fire for 450 gold pieces
 10137 | Orc:4    | Bought an uncursed amulet of resist mutation for 720 gold pieces
 10244 | Orc:4    | Received a gift from Trog
 10726 | Orc:4    | Received a gift from Trog
 10845 | Orc:4    | Reached XP level 15. HP: 34/165 MP: 15/15
 10864 | Orc:4    | Found Telifaf's Armour Shop.
 10864 | Orc:4    | Found Traottim's General Store.
 10953 | Orc:4    | Found Chacet's Antique Armour Shoppe.
 10955 | Orc:4    | Found Khury's Antique Armour Boutique.
 10966 | Orc:4    | Bought a glowing robe for 24 gold pieces
 10966 | Orc:4    | Bought an embroidered robe for 24 gold pieces
 10969 | Orc:4    | Bought a potion of curing for 22 gold pieces
 10969 | Orc:4    | Bought a potion of heal wounds for 33 gold pieces
 10976 | Orc:4    | Bought a wand of random effects (10) for 66 gold pieces
 11101 | Orc:4    | Bought a cursed +4 ring of protection for 594 gold pieces
 11236 | D:12     | Received a gift from Trog
 11238 | D:12     | Got a dazzling giant spiked club {god gift}
 11239 | D:12     | Identified the +8,+5 giant spiked club of the Stork {crush, rC+} (Trog gifted it to you on level 12 of the Dungeon)
 11395 | D:12     | Reached skill level 15 in Fighting
 11415 | D:12     | Identified Roxanne's Handbook of Fallacy
 11449 | D:13     | Found Umemoil's Armour Shop.
 11585 | D:12     | Got a brightly glowing platinum ring
 11601 | D:12     | Identified the ring of Tregre {MP+9 Str+1 Acc-3} (You found it on level 12 of the Dungeon)
 11720 | D:13     | Found Xuipoh's Antique Armour Boutique.
 11766 | D:13     | Found a gate to the Vaults.
 11932 | D:13     | Found Xutwoipric's Gadget Shop.
 11967 | D:13     | Found a white marble altar of Elyvilon.
 12243 | D:13     | Found Guampum's Food Boutique.
 12407 | D:14     | You fall through a shaft!
 12407 | D:15     | Entered Level 15 of the Dungeon
 12419 | D:15     | Reached skill level 22 in Maces & Flails
 12781 | D:15     | Found a shattered altar of Ashenzari.
 13073 | D:15     | Found a staircase to the Depths.
 13099 | Depths:1 | Entered Level 1 of the Depths
 13135 | Depths:1 | Reached skill level 15 in Dodging
 13151 | Depths:1 | Noticed sohrabkorkchi's ghost (powerful LOFi)
 13161 | Depths:1 | Killed sohrabkorkchi's ghost
 13260 | Depths:1 | Found Kucov's Jewellery Boutique.
 13341 | Depths:1 | Paralysed by a giant eyeball for 2 turns
 13377 | Depths:1 | HP: 6/255 [deep troll (16)]
 13377 | Depths:1 | Slain by a deep troll

Action                   |  1- 3 |  4- 6 |  7- 9 | 10-12 | 13-15 || total
-------------------------+-------+-------+-------+-------+-------++-------
Melee: Mace              |    74 |   122 |    41 |       |       ||   237
       Flail             |       |       |   138 |       |       ||   138
       Giant spiked club |       |       |    94 |   494 |  1343 ||  1931
Throw: Tomahawk          |       |       |       |       |     1 ||     1
Invok: Berserk           |     3 |     2 |     5 |     7 |    18 ||    35
       Trog's Hand       |       |     2 |     5 |    14 |    20 ||    41
       Brothers in Arms  |       |       |       |     3 |     2 ||     5
       Burn Spellbooks   |       |       |       |       |     1 ||     1
Evoke: Wand              |       |       |     3 |     4 |    11 ||    18
  Use: Potion            |       |       |     3 |     4 |     6 ||    13
       Scroll            |       |       |     9 |    12 |    15 ||    36
 Stab: Sleeping          |       |       |       |     1 |     1 ||     2
       Distracted        |       |       |       |       |     1 ||     1
